[Event "*** Titled Tuesday 3|2 Blitz"]
[Site "Chess.com"]
[Date "2016.03.01"]
[Round "4"]
[White "HovmoellerHest"]
[Black "Tesla17"]
[Result "1/2-1/2"]
[WhiteElo "2364"]
[BlackElo "2260"]
[TimeControl "180+2"]
[EndTime "12:22:45 PST"]
[Termination "Game drawn by agreement"]

1. d4 c5 2. d5 e6 3. c4 exd5 4. cxd5 Nf6 5. Nc3 Bd6 6. g3 Bc7 7. Bg2 d6 8. a4 O-O 9. e4 Nbd7 10. Nge2 Re8 11. O-O a6 12. f4 Rb8 13. Qd3 Ba5 14. h3 Qc7 15. g4 h6 16. Qg3 b5 17. g5 hxg5 18. fxg5 Nh7 19. g6 fxg6 20. axb5 Ne5 21. Nf4 Bxc3 22. bxc3 axb5 23. Nxg6 Nf6 24. Rxf6 gxf6 25.
Nxe5+ Qg7 26. Qxg7+ Kxg7 27. Nc6 Rb7 28. Bf4 Rd7 29.
Rb1 Ba6 30. Ra1 Bb7 31. Ra5 Bxc6 32. dxc6 Rc7 33. Ra6 Rec8 34. e5 dxe5 35. Be3 b4 36. cxb4 cxb4 37. Bb6 Rxc6 38. Bxc6 Rxc6 39. Ra7+ Kg6 40.
Be3 Rc2 41. Rb7 Rb2 42. Bf2 f5 43. Kg2 e4 44. Kg3 f4+ 45. Kxf4 Rxf2+ 46. Kxe4 Rh2 47.
Rb6+ Kg5 48. Rb5+ Kh4 49. Rxb4 Kxh3 50. Kf3 Ra2 51. Rb8 Ra3+ 52. Kf2 Kg4 1/2-1/2

[Event "*** Titled Tuesday 3|2 Blitz"]
[Site "Chess.com"]
[Date "2016.03.01"]
[Round "4"]
[White "dretch"]
[Black "Alexander_Donchenko"]
[Result "1-0"]
[WhiteElo "2501"]
[BlackElo "2594"]
[TimeControl "180+2"]
[EndTime "12:23:07 PST"]
[Termination "dretch won by resignation"]

1. d4 Nf6 2. c4 e6 3. Nc3 Bb4 4. Qc2 O-O 5. e4 d5 6. e5 Ne4 7. Bd3 c5 8. Nf3 cxd4 9. Nxd4 Nd7 10. Bf4 Ndc5 11. O-O Nxd3 12. Qxd3 Nc5 13. Qg3 Bxc3 14. bxc3 Ne4 15. Qe3 b6 16. Rfd1 Ba6 17. Nc6 Qc7 18.
cxd5 exd5 19. Nb4 Bc4 20. f3 Nc5 21. e6 Qe7 22. exf7+ Qxf7 23. Bd6 Rfe8 24. Qd4 Ne6 25.
Qg4 Rad8 26. Be5 Nc5 27. Nc6 Rc8 28. Nd4 h5 29. Qg5 Qe7 30. Qxe7 Rxe7 31. Bd6 Rd7 32. Nf5 Re8 33. Bg3 Re2 34. a4 g6 35. Nd4 Rb2 36. Re1 Kf7 37. a5 b5 38. Nc6 Nd3 39. Re3 Kg7 40. Rd1 Nc5 41. Be5+ Kh7 42. Bd4 Nb3 43.
Rde1 Nxd4 44. Nxd4 Kh6 45. Re8 Ra2 46. Rh8+ Rh7 47.
Rxh7+ Kxh7 48. Re7+ Kh6 49. Rxa7 Ra1+ 50. Kf2 Ra2+ 51.
Kg3 Bf1 52. Kf4 Rxg2 53. h4 Rh2 54. Kg3 Rg2+ 55. Kf4 Rh2 56. a6 Ra2 57. Ne6 Ra4+ 58.
Kg3 Bd3 59. Ng5 1-0

[Event "*** Titled Tuesday 3|2 Blitz"]
[Site "Chess.com"]
[Date "2016.03.01"]
[Round "4"]
[White "LuckyTiger"]
[Black "jcibarra"]
[Result "1-0"]
[WhiteElo "2585"]
[BlackElo "2473"]
[TimeControl "180+2"]
[EndTime "12:23:36 PST"]
[Termination "LuckyTiger won by resignation"]

1. e4 e5 2. Nf3 d6 3. d4 exd4 4. Nxd4 Nf6 5. Nc3 Be7 6. Be2 O-O 7. O-O Re8 8. Re1 Bf8 9. Bf1 c6 10. h3 Nbd7 11. g3 a5 12. a4 Nc5 13. Bg2 Qb6 14. Rb1 g6 15. Bf4 Qb4 16. Qd2 Bd7 17. b3 Rad8 18. Rbd1 Bc8 19. Bg5 Bg7 20. Nb1 Qb6 21.
Qf4 Ncd7 22. Na3 Nh5 23. Bxd8 Qc5 24. Qc1 Bxd4 25. Rxd4 Qxd4 26. Bg5 Qb6 27. Nc4 Qc7 28. Qd2 Re6 29. Qxa5 Qxa5 30. Nxa5 Re5 31. Bd2 Nb6 32. g4 Ng7 33. Bf1 g5 34. Nc4 Nxc4 35. Bxc4 Be6 36.
Bd3 Bd7 37. Bc3 Re8 38. Bb4 c5 39. Bd2 Ne6 40. Be3 Bc6 41. f3 Kg7 42. Bc4 Nf4 43. Bxf4 gxf4 44. Rd1 Rd8 45. Bd5 f6 46. Kf2 Kf8 47.
Ke2 Ke7 48. h4 h5 49. gxh5 Rh8 50. Bxc6 bxc6 51. Rg1 Kf7 52. Rg4 Rxh5 53. Rxf4 Ke6 54. Rg4 c4 55. b4 Rh8 56. Kd2 d5 57. exd5+ cxd5 58. Kc3 Ke5 59. a5 Rc8 60. a6 f5 61.
Rd4 Ra8 62. b5 Rb8 63. f4+ Kd6 64. Kb4 c3 65. Rd3 1-0

[Event "*** Titled Tuesday 3|2 Blitz"]
[Site "Chess.com"]
[Date "2016.03.01"]
[Round "4"]
[White "MITerryble"]
[Black "JustaTrickstar"]
[Result "1-0"]
[WhiteElo "2627"]
[BlackElo "2466"]
[TimeControl "180+2"]
[EndTime "12:24:45 PST"]
[Termination "MITerryble won by resignation"]

1. d4 f5 2. c4 Nf6 3. Nc3 d6 4. h3 c6 5. e3 g6 6. Be2 Bg7 7. g4 e5 8. dxe5 dxe5 9. Qxd8+ Kxd8 10. Nf3 e4 11. Nd4 Na6 12. gxf5 gxf5 13. Rg1 Ne8 14. b3 c5 15. Ndb5 Nb4 16. Kf1 a6 17. Rxg7 Nxg7 18. Nd6 Kc7 19. Nxc8 Raxc8 20. Bb2 Kb8 21. Na4 Rhg8 22. Rd1 Ne6 23. Rd7 Nc6 24. Rxh7 Rc7 25. Rh6 Re7 26. Ba3 Nb4 27. Nxc5 Nxc5 28.
Bxb4 Rc7 29. h4 Rcg7 30. Ke1 Rg1+ 31. Kd2 Rd8+ 32. Kc2 Nd3 33. Bd6+ Ka8 34. Bxd3 exd3+ 35. Kd2 Ra1 36. f3 Rxa2+ 37. Kxd3 Rb2 38. Kc3 Re2 39.
Bc5 Red2 40. Bd4 Rd1 41. f4 Rh1 42. h5 Kb8 43. Bb6 Re8 44. Rh7 Kc8 45. Rc7+ Kb8 46. Rh7 Kc8 47. Bd4 Re6 48. Be5 b6 49. Kd3 Rd1+ 50.
Ke2 Rh1 51. Kf3 Kd8 52. e4 fxe4+ 53. Kxe4 Ke8 54. Kd5 Re7 55. Rh8+ Kd7 56. h6 Rh3 57. Bg7 Rd3+ 58. Bd4 Rh3 59. Bxb6 Rxb3 60. Bd4 Rh3 61. c5 Rf7 62. c6+ Kc7 63. Be5+ Kb6 64. Rb8+ Ka7 65. c7 Rxc7 66. Bxc7 Rxh6 67. Rb1 Rh8 68. Be5 Rd8+ 69. Ke4 a5 70. f5 Ka6 71. f6 a4 72. Kf5 Rf8 73. Ke6 Rc8 74. Kd7 Rc2 75. f7 Rf2 76. Ke7 a3 77. f8=Q Rxf8 78. Kxf8 Ka5 79. Bd6 Ka4 80. Bxa3 Kxa3 1-0

[Event "*** Titled Tuesday 3|2 Blitz"]
[Site "Chess.com"]
[Date "2016.03.01"]
[Round "4"]
[White "Smirnov_Pavel"]
[Black "Journey_to_GrandMaster_YT"]
[Result "1/2-1/2"]
[WhiteElo "2494"]
[BlackElo "2268"]
[TimeControl "180+2"]
[EndTime "12:24:56 PST"]
[Termination "Game drawn by repetition"]

1. d4 Nf6 2. c4 g6 3. Nc3 Bg7 4. e4 d6 5. Nf3 O-O 6. Be2 Na6 7.
O-O e5 8. Be3 Ng4 9. Bg5 f6 10.
Bh4 g5 11. Bg3 Nh6 12. d5 Nf7 13. Nd2 Bd7 14. Rb1 Qe7 15. b4 c5 16. dxc6 bxc6 17. c5 Nc7 18. Nb3 Ne6 19. cxd6 Nxd6 20. Nc5 Rad8 21.
Nxd7 Rxd7 22. Qb3 Kh8 23. Bg4 Nd4 24. Qa4 Rb7 25. f3 Nc4 26. Rf2 Rfb8 27. a3 Qf7 28.
Ne2 Nb5 29. Ra1 h5 30. Bf5 h4 31. Qb3 hxg3 32. hxg3 Ncd6 33. Be6 Qh5 34. g4 Qg6 35. g3 Bh6 36. Kg2 Kg7 37. Rc1 Qe8 38. Rh1 Nc7 39. Bf5 c5 40. Kf1 cxb4 41. a4 Nf7 42. Rfh2 Na6 43.
Qc4 Qxa4 44. Be6 Qe8 45. Qxa6 Rb6 46. Bxf7 Qxf7 47. Qd3 b3 48. Rxh6 Kf8 49. Rh8+ Ke7 50. R8h7 b2 51. Rxf7+ Kxf7 52. Qd7+ Kg8 53. Qd5+ Kg7 54.
Qd7+ Kg8 55. Qh7+ Kf8 56. Qh8+ Ke7 57. Rh7+ Ke6 58. Re7+ Kxe7 59. Qg7+ Ke6 60. Nc3 Rc6 61. Nb1 Rc1+ 62. Kf2 Rxb1 63. Qc7 Rf1+ 64. Ke3 b1=Q 65. Qc6+ Kf7 66. Qd7+ Kf8 67. Qd6+ Ke8 68. Qe6+ Kd8 69.
Qd6+ Kc8 70. Qc6+ Kd8 71. Qd6+ Ke8 72. Qe6+ Kf8 73. Qxf6+ Kg8 74. Qg6+ Kh8 75. Qh6+ Kg8 76. Qg6+ Kf8 77. Qf6+ Ke8 78. Qe6+ Kf8 79. Qf6+ 1/2-1/2

[Event "*** Titled Tuesday 3|2 Blitz"]
[Site "Chess.com"]
[Date "2016.03.01"]
[Round "5"]
[White "jcgs1030"]
[Black "chorejason"]
[Result "1-0"]
[WhiteElo "2232"]
[BlackElo "2083"]
[TimeControl "180+2"]
[EndTime "12:28:50 PST"]
[Termination "jcgs1030 won by resignation"]

1. e4 c5 2. Nf3 d6 3. d4 cxd4 4. Nxd4 Nf6 5. Nc3 g6 6. Bg5 Bg7 7. Bb5+ Bd7 8. Qe2 O-O 9. O-O-O Nc6 10. Bxc6 bxc6 11. e5 Nd5 12. Nxd5 cxd5 13. exd6 Qa5 14.
dxe7 Rfc8 15. Kb1 Rab8 16. Nb3 Qb4 17. Rxd5 h6 18. Rxd7 hxg5 19. Rhd1 Re8 20. Rd8 a5 21. Rxe8+ Rxe8 22. Rd8 a4 23. Rxe8+ 1-0

[Event "*** Titled Tuesday 3|2 Blitz"]
[Site "Chess.com"]
[Date "2016.03.01"]
[Round "5"]
[White "jcibarra"]
[Black "lionheart95"]
[Result "1-0"]
[WhiteElo "2479"]
[BlackElo "2344"]
[TimeControl "180+2"]
[EndTime "12:30:11 PST"]
[Termination "jcibarra won by checkmate"]

1. e4 e6 2. d4 d5 3. Nd2 Be7 4. c4 dxc4 5. Nxc4 Nf6 6. e5 Nd5 7. Nf3 c5 8. dxc5 Bxc5 9. a3 O-O 10. Bd3 b5 11. Bxh7+ Kxh7 12. Ng5+ Kg8 13. Qh5 Qxg5 14. Bxg5 bxc4 15. O-O Nc6 16. Rfe1 f6 17. exf6 gxf6 18.
Qg6+ Kh8 19. Bh6 Bd7 20. Qg7# 1-0

[Event "*** Titled Tuesday 3|2 Blitz"]
[Site "Chess.com"]
[Date "2016.03.01"]
[Round "5"]
[White "Smirnov_Pavel"]
[Black "Jahonas"]
[Result "1-0"]
[WhiteElo "2497"]
[BlackElo "2180"]
[TimeControl "180+2"]
[EndTime "12:30:22 PST"]
[Termination "Smirnov_Pavel won by resignation"]

1. d4 Nf6 2. g3 g6 3. Bg2 Bg7 4. Nf3 O-O 5. O-O c5 6. c4 cxd4 7. Nxd4 Nc6 8. Nc3 Qb6 9. Nb3 d6 10. Be3 Qa6 11. Nb5 Be6 12. Nc7 Qxc4 13. Nxa8 Rxa8 14.
Nd4 Nxd4 15. Bxd4 d5 16. Rc1 Qxa2 17. Qd3 Ne4 18. Bxg7 Kxg7 19. Qd4+ Nf6 20. Rc7 Rc8 21. Rxb7 Rc2 22. e3 a5 23. h4 h5 24. Qa7 Ng8 25. Rb5 Rxb2 26. Qd4+ 1-0

[Event "*** Titled Tuesday 3|2 Blitz"]
[Site "Chess.com"]
[Date "2016.03.01"]
[Round "5"]
[White "jk13"]
[Black "Boryboy"]
[Result "0-1"]
[WhiteElo "2381"]
[BlackElo "2484"]
[TimeControl "180+2"]
[EndTime "12:31:07 PST"]
[Termination "Boryboy won by resignation"]

1. e4 e6 2. d4 d5 3. Nd2 Nf6 4. e5 Ne4 5. Bd3 Nxd2 6. Bxd2 c5 7. c3 Qb6 8. Nf3 c4 9. Bc2 Qxb2 10. O-O h6 11. Ne1 Qb6 12. Rb1 Qc7 13. f4 g6 14.
g4 Nc6 15. f5 gxf5 16. gxf5 Bd7 17. Qh5 exf5 18. Bxf5 Bxf5 19. Rxf5 Rh7 20. e6 O-O-O 21. exf7 Qe7 22. Qf3 Rd7 23. Rxd5 Rxf7 24. Rf5 Qe6 25. Rf4 Qg6+ 26. Kf2 Rxf4 27. Bxf4 Qxb1 28. d5 Bc5+ 29. Kf1 Ne7 30. Qe2 Qf5 31. Qxc4 b6 32. Ng2 Nxd5 0-1

[Event "*** Titled Tuesday 3|2 Blitz"]
[Site "Chess.com"]
[Date "2016.03.01"]
[Round "5"]
[White "Bentery"]
[Black "FrankieJay"]
[Result "1-0"]
[WhiteElo "2307"]
[BlackElo "2194"]
[TimeControl "180+2"]
[EndTime "12:31:31 PST"]
[Termination "Bentery won by resignation"]

1. Nf3 Nf6 2. g3 g6 3. b3 Bg7 4. Bb2 O-O 5. Bg2 d5 6. c4 c6 7.
O-O Nbd7 8. Qc2 Qb6 9. Nc3 Qa6 10. d3 Re8 11. a4 e5 12. cxd5 Nxd5 13. Ne4 Bf8 14. Ba3 f5 15. Nd6 Re6 16. Nxc8 Rxc8 17. Bxf8 Rxf8 18. b4 h6 19. b5 Qb6 20. Qc4 Qc5 21.
bxc6 Rxc6 22. Nxe5 Nxe5 23. Qxd5+ Kg7 24. Qxc5 Rxc5 25.
d4 1-0

[Event "*** Titled Tuesday 3|2 Blitz"]
[Site "Chess.com"]
[Date "2016.03.01"]
[Round "5"]
[White "HovmoellerHest"]
[Black "GrigorGrigorov"]
[Result "0-1"]
[WhiteElo "2359"]
[BlackElo "2517"]
[TimeControl "180+2"]
[EndTime "12:31:41 PST"]
[Termination "GrigorGrigorov won by checkmate"]

1. d4 g6 2. c4 Bg7 3. Nc3 d6 4. e4 Nd7 5. Be3 e5 6. Nge2 Ne7 7. f3 O-O 8. Qd2 a6 9. h4 f5 10. d5 Nf6 11. O-O-O b5 12. Kb1 b4 13. Na4 fxe4 14. Qxb4 exf3 15. gxf3 Bf5+ 16. Ka1 Bc2 17. Rc1 Rb8 18. Qa5 Bxa4 19. Qxa4 e4 20. Nd4 exf3 21. Ne6 Nfxd5 22. Bd4 Bxd4 23. Nxd4 Ne3 24. Ne6 Qe8 25. Qa3 N7f5 26. Nxf8 Nc2+ 27. Rxc2 Qe1+ 28. Rc1 Qxc1# 0-1

[Event "*** Titled Tuesday 3|2 Blitz"]
[Site "Chess.com"]
[Date "2016.03.01"]
[Round "5"]
[White "Danirod"]
[Black "MinhGTrAn"]
[Result "1/2-1/2"]
[WhiteElo "2413"]
[BlackElo "2651"]
[TimeControl "180+2"]
[EndTime "12:31:46 PST"]
[Termination "Game drawn by agreement"]

1. e4 c5 2. Nf3 d6 3. Bb5+ Bd7 4.
Bxd7+ Qxd7 5. O-O Nf6 6. e5 dxe5 7. Nxe5 Qc7 8. Re1 Nc6 9. Nxc6 Qxc6 10. b3 e6 11. Bb2 Be7 12. Na3 O-O 13. Nc4 Rfd8 14.
a4 b6 15. Qe2 Rd5 16. Ne5 Qe8 17. a5 b5 18. c4 bxc4 19. bxc4 Rdd8 20. Bc3 a6 21. Qf3 Rdc8 22. Rab1 Bd6 23. Rb7 Bxe5 24. Bxe5 Qc6 25. Qxc6 Rxc6 26. f3 h6 27. Reb1 Rcc8 28. Kf2 Ne8 29. Rb8 f6 30. Rxa8 Rxa8 31. Rb8 Rxb8 32.
Bxb8 Kf7 33. Ba7 Nd6 34. d3 Nb7 35. Ke3 e5 36. Bb6 Ke6 37. g4 g5 38. Bc7 Kd7 39. Bb6 Ke6 1/2-1/2

[Event "*** Titled Tuesday 3|2 Blitz"]
[Site "Chess.com"]
[Date "2016.03.01"]
[Round "5"]
[White "punkmonkZ"]
[Black "Mischuk_D"]
[Result "0-1"]
[WhiteElo "1960"]
[BlackElo "2531"]
[TimeControl "180+2"]
[EndTime "12:32:18 PST"]
[Termination "Mischuk_D won by resignation"]

1. e4 c6 2. Nc3 d5 3. Nf3 Nf6 4. e5 Ne4 5. h3 Qb6 6. Nxe4 dxe4 7. Ng5 Bf5 8. Bc4 e6 9. Qe2 Qd4 10. d3 exd3 11. Bxd3 Bxd3 12. cxd3 Bb4+ 13. Kf1 h6 14. Nf3 Qd7 15. d4 Na6 16. Be3 Nc7 17. a3 Be7 18.
Nd2 O-O 19. Qg4 Kh8 20. h4 Nd5 21. Rh3 f5 22. exf6 Rxf6 23. Kg1 Rf5 24. Re1 Raf8 25. Nf3 Bd6 26. Qe4 Kg8 27. h5 Qf7 28. Rh4 Re8 29.
Qg4 Nf6 30. Qh3 Rxh5 31. Ne5 Bxe5 32. dxe5 Rxh4 33. Qxh4 Nd5 34. Bc1 b6 35. Qg4 Qf5 36.
Qc4 c5 37. Qb5 Rf8 38. f3 Qg6 39. Qe2 Ne7 40. b4 Nf5 41. bxc5 Nd4 42. Qe4 Nxf3+ 0-1

[Event "*** Titled Tuesday 3|2 Blitz"]
[Site "Chess.com"]
[Date "2016.03.01"]
[Round "5"]
[White "Saitama_Hero"]
[Black "Abdodi"]
[Result "1/2-1/2"]
[WhiteElo "2088"]
[BlackElo "1944"]
[TimeControl "180+2"]
[EndTime "12:32:34 PST"]
[Termination "Game drawn by repetition"]

1. d4 Nf6 2. c4 e6 3. Nc3 Bb4 4. f3 O-O 5. a3 Bxc3+ 6. bxc3 c6 7. e4 d5 8. e5 Ne8 9. Nh3 f6 10. exf6 Nxf6 11. Bd3 Nbd7 12. Qe2 Qe7 13. Nf4 dxc4 14. Bxc4 Nb6 15. Bxe6+ Bxe6 16. Qxe6+ Qxe6+ 17. Nxe6 Rfe8 18. Kf2 Rxe6 19. a4 Rae8 20. a5 Re2+ 21. Kg3 Nbd5 22. Rb1 R8e7 23. Ba3 Rd7 24. c4 Nh5+ 25. Kg4 Ndf6+ 26.
Kh4 Rxd4+ 27. g4 Rxc4 28. Rxb7 Re8 29. Rxa7 h6 30. Bd6 g5+ 31. Kh3 Rc3 32. gxh5 Rxf3+ 33. Kg2 g4 34. Re7 Rxe7 35. Bxe7 Nxh5 36. Rf1 Nf4+ 37. Kg1 Nh3+ 38. Kg2 Nf4+ 39. Kg1 Nh3+ 40. Kg2 Nf4+ 1/2-1/2

[Event "*** Titled Tuesday 3|2 Blitz"]
[Site "Chess.com"]
[Date "2016.03.01"]
[Round "5"]
[White "LuckyTiger"]
[Black "ChessTrener"]
[Result "0-1"]
[WhiteElo "2571"]
[BlackElo "2583"]
[TimeControl "180+2"]
[EndTime "12:32:43 PST"]
[Termination "ChessTrener won by resignation"]

1. e4 c5 2. c3 d5 3. exd5 Qxd5 4. d4 Nf6 5. Nf3 g6 6. Na3 Bg7 7. Bc4 Qe4+ 8. Be3 O-O 9. O-O cxd4 10. Bxd4 Nc6 11.
Re1 Qf5 12. Be3 Ng4 13. Bg5 Nge5 14. Nxe5 Qxg5 15. Nxc6 bxc6 16. Qf3 Rb8 17. Bb3 c5 18. Nc4 Bb7 19. Qg3 Qf6 20. Rad1 Bh6 21. Qe5 Qc6 22. f3 e6 23. Rd6 Qc8 24. Na5 Qc7 25. Nxb7 Rxb7 26.
Bc4 Bg7 27. Qf4 Rxb2 28. Red1 Bxc3 29. Kh1 Qb8 30. Qe4 Bd4 31. Rd7 Rd8 32. Rxd8+ Qxd8 33. h3 Qg5 34. Qg4 Qe3 35. Qg3 Rc2 36. Qe1 Qxe1+ 37. Rxe1 0-1

[Event "*** Titled Tuesday 3|2 Blitz"]
[Site "Chess.com"]
[Date "2016.03.01"]
[Round "5"]
[White "Lupul_Cenusiu"]
[Black "arnacman"]
[Result "1-0"]
[WhiteElo "2478"]
[BlackElo "2310"]
[TimeControl "180+2"]
[EndTime "12:32:44 PST"]
[Termination "Lupul_Cenusiu won by resignation"]

1. d4 d5 2. Nf3 Nf6 3. c4 c6 4.
Qc2 g6 5. Bg5 Bg7 6. e3 Bf5 7.
Bd3 Bxd3 8. Qxd3 Qb6 9. Qb3 Nbd7 10. Nbd2 O-O 11. O-O dxc4 12. Nxc4 Qxb3 13. axb3 c5 14. Na5 cxd4 15. exd4 Nd5 16. Nxb7 Rfb8 17. Na5 e6 18.
Rfc1 Rb5 19. Bd2 N7f6 20. Rc6 Ne4 21. Be1 h6 22. Rac1 Kh7 23. g3 g5 24. h3 Rd8 25.
Rc8 Rd7 26. Kg2 Bf6 27. Rf8 Bg7 28. Ra8 Ne7 29. Rc4 h5 30. Ra4 g4 31. hxg4 hxg4 32.
Ne5 Bxe5 33. dxe5 Rxe5 34. Nc4 Rf5 35. Ne3 Nc5 36. Nxf5 exf5 37. R4xa7 Kg7 38. Rxd7 Nxd7 39. Ra7 Nc5 40. Rxe7 Kf6 41. Rc7 1-0

[Event "*** Titled Tuesday 3|2 Blitz"]
[Site "Chess.com"]
[Date "2016.03.01"]
[Round "5"]
[White "evgenyermolaev"]
[Black "Alexander_Donchenko"]
[Result "0-1"]
[WhiteElo "2054"]
[BlackElo "2595"]
[TimeControl "180+2"]
[EndTime "12:32:45 PST"]
[Termination "Alexander_Donchenko won by resignation"]

1. e4 c6 2. Nf3 d5 3. Nc3 Nf6 4. e5 Ne4 5. d4 Nxc3 6. bxc3 Bg4 7. h3 Bxf3 8. Qxf3 e6 9. g4 Be7 10. Bd3 Qc7 11. h4 c5 12. Bd2 c4 13. Bf1 Nc6 14. g5 b5 15. h5 Rf8 16. a3 a5 17. Bh3 g6 18. Bg4 Rb8 19. hxg6 hxg6 20. Kf1 b4 21. axb4 axb4 22. Kg2 b3 23. cxb3 cxb3 24. Rhb1 Na5 25. Qd1 Kd7 26. Rxa5 Qxa5 27. Rxb3 Rfc8 28. c4 Qa2 29.
Rxb8 Rxb8 30. cxd5 Qxd5+ 31. Bf3 Qxd4 32. Qc2 Ke8 33.
Be3 Qxe5 34. Qa4+ Kf8 35. Bf4 Qb5 36. Qd4 Qb2 37. Qd7 Rd8 38. Qa7 Qb5 39. Qe3 Qc4 40. Qe5 Qd4 41. Qb5 Qxf4 0-1

[Event "*** Titled Tuesday 3|2 Blitz"]
[Site "Chess.com"]
[Date "2016.03.01"]
[Round "5"]
[White "FairChess_on_YouTube"]
[Black "AndroQueen"]
[Result "1-0"]
[WhiteElo "2742"]
[BlackElo "2553"]
[TimeControl "180+2"]
[EndTime "12:32:48 PST"]
[Termination "FairChess_on_YouTube won by resignation"]

1. d4 Nf6 2. c4 e6 3. Nf3 d5 4.
Bg5 dxc4 5. Qa4+ Nbd7 6. e3 a6 7. Qxc4 b5 8. Qc6 Rb8 9. Bxf6 gxf6 10. Nbd2 Bb7 11. Qc2 c5 12. Be2 Rc8 13. Qd3 cxd4 14. exd4 Nb6 15. O-O Nd5 16. g3 h5 17. Rfc1 h4 18.
Rxc8 Qxc8 19. Ne4 f5 20. Neg5 hxg3 21. hxg3 f6 22. Nxe6 Qxe6 23. Bf1 Be7 24. Bg2 f4 25. Re1 Qg4 26. Qe4 Rg8 27. Nh2 Qg6 28. g4 Qxe4 29.
Bxe4 Kd8 30. Bf5 Bc8 31. Be4 Bxg4 1-0

[Event "*** Titled Tuesday 3|2 Blitz"]
[Site "Chess.com"]
[Date "2016.03.01"]
[Round "5"]
[White "VSERGUEI"]
[Black "oskariot"]
[Result "1-0"]
[WhiteElo "2469"]
[BlackElo "2317"]
[TimeControl "180+2"]
[EndTime "12:33:10 PST"]
[Termination "VSERGUEI won by resignation"]

1. d4 Nf6 2. c4 c5 3. d5 b5 4. Nf3 g6 5. cxb5 a6 6. e3 Bg7 7. Nc3 O-O 8. a4 e6 9. Ra3 Bb7 10. Bc4 axb5 11. axb5 Rxa3 12. bxa3 exd5 13. Nxd5 Nxd5 14. Bxd5 Bxd5 15. Qxd5 Qa5+ 16. Nd2 Qxb5 17. Qc4 Qxc4 18. Nxc4 d5 19. Nb6 Rd8 20. Ke2 Rd6 21. Nc8 Re6 22. Rd1 d4 23. Kd3 Nd7 24. Kc4 Ne5+ 25.
Kb5 Bf8 26. exd4 cxd4 27. Bf4 Ng4 28. Bg3 Bxa3 29. Rxd4 Nf6 30. h3 Kg7 31. Nb6 Ne4 32.
Rd3 Bc5 33. Nd7 Bxf2 34. Be5+ f6 35. Bb2 h5 36. Rf3 Ba7 37. Ra3 Bg1 38. Ra1 Bf2 39. Rf1 Nd2 40. Rxf2 Nc4 1-0

[Event "*** Titled Tuesday 3|2 Blitz"]
[Site "Chess.com"]
[Date "2016.03.01"]
[Round "5"]
[White "Grootneus"]
[Black "Tirantes"]
[Result "0-1"]
[WhiteElo "2018"]
[BlackElo "2192"]
[TimeControl "180+2"]
[EndTime "12:33:33 PST"]
[Termination "Tirantes won by resignation"]

1. e4 c6 2. d4 d5 3. Nc3 dxe4 4. Nxe4 Nd7 5. Ng5 Ngf6 6. Bd3 e6 7. N1f3 Bd6 8. Qe2 h6 9. Ne4 Nxe4 10. Qxe4 Qc7 11. Bd2 b6 12. O-O Bb7 13. Qh4 Nf6 14. c4 Rd8 15. Rfe1 Kf8 16. Bc3 Be7 17. Qh3 h5 18.
Ne5 Bc8 19. Qf3 Bb7 20. Qh3 Bc8 21. a4 Kg8 22. a5 h4 23. axb6 axb6 24. Be4 Nxe4 25.
Rxe4 Bf6 26. Nf3 Rh5 27. Nxh4 g5 28. Qg4 Rxh4 29. Qf3 Rxe4 30. Qxe4 Bb7 31. Qf3 Bg7 32. d5 cxd5 33. Bxg7 Kxg7 34. Qg4 Qf4 35. Qh5 Rh8 0-1

[Event "*** Titled Tuesday 3|2 Blitz"]
[Site "Chess.com"]
[Date "2016.03.01"]
[Round "5"]
[White "MattyDPerrine"]
[Black "Iwannabetheguy"]
[Result "1/2-1/2"]
[WhiteElo "2250"]
[BlackElo "2024"]
[TimeControl "180+2"]
[EndTime "12:33:47 PST"]
[Termination "Game drawn by repetition"]

1. d4 Nf6 2. c4 c5 3. Nf3 cxd4 4.
Nxd4 e5 5. Nb5 d6 6. N1c3 a6 7. Na3 Be6 8. Bg5 Nc6 9. e3 Be7 10. Be2 O-O 11. O-O Rc8 12. Bf3 Nd7 13. Bxe7 Nxe7 14.
Bxb7 Rb8 15. Bxa6 Nc5 16. Bb5 f5 17. b4 Ne4 18. Nxe4 fxe4 19. Qc2 Nf5 20. Qxe4 Qg5 21. f4 Qh4 22. Nc2 Rf6 23. g3 Nxg3 24. hxg3 Qxg3+ 25. Qg2 Qh4 26. f5 Bxf5 27. Ne1 Rg6 28. Rxf5 Rxg2+ 29.
Nxg2 Qg4 30. Raf1 h5 31. Bc6 h4 32. Bd5+ Kh7 33. Kh2 Qg3+ 34. Kh1 Qh3+ 35. Kg1 Qg4 36. Kf2 Rxb4 37. Ke1 Rb1+ 38. Kd2 Rb2+ 39. Kc3 Rxg2 40. Bxg2 Qxg2 41. a4 Qe2 42. R5f3 Qa2 43. Kb4 Qb2+ 44. Ka5 Qc3+ 45. Kb6 Qxc4 46. a5 Qc5+ 47. Ka6 Qc6+ 48. Ka7 Qc7+ 49. Ka6 Qc6+ 50. Ka7 Qc7+ 51. Ka6 Qc6+ 1/2-1/2

[Event "*** Titled Tuesday 3|2 Blitz"]
[Site "Chess.com"]
[Date "2016.03.01"]
[Round "5"]
[White "JustaTrickstar"]
[Black "StellarChessPro"]
[Result "0-1"]
[WhiteElo "2449"]
[BlackElo "2406"]
[TimeControl "180+2"]
[EndTime "12:34:01 PST"]
[Termination "StellarChessPro won by checkmate"]

1. d4 d5 2. c4 c6 3. Nf3 Nf6 4. Nc3 e6 5. e3 dxc4 6. Bxc4 b5 7. Be2 a6 8. Ne5 Bb7 9. Bf3 Qc7 10. Nd3 Nbd7 11. b4 a5 12. Rb1 axb4 13. Nxb4 Bd6 14. h3 O-O 15. O-O e5 16. a3 exd4 17. exd4 Nb6 18.
Bg5 Nfd7 19. Rc1 Nc4 20. Be2 Rxa3 21. Bxc4 bxc4 22. Nb1 Rb3 23. Nc2 Qa5 24. Nd2 Qxg5 25. Nxb3 cxb3 26. Ne3 Nf6 27. Qxb3 Ba8 28. Nc4 c5 29. f3 Bc7 30. dxc5 Qg3 31. Nd6 Nd5 32. Rc2 Nf4 33. Kh1 h5 34. Qe3 h4 35. Qe7 Bd8 36.
Qe5 Bf6 37. Qe3 Bc6 38. Qa3 Be5 39. Qa6 Ne2 40. f4 Qxh3# 0-1

[Event "*** Titled Tuesday 3|2 Blitz"]
[Site "Chess.com"]
[Date "2016.03.01"]
[Round "5"]
[White "kikydu96"]
[Black "Cecile_Haussernot"]
[Result "1-0"]
[WhiteElo "2288"]
[BlackElo "2162"]
[TimeControl "180+2"]
[EndTime "12:34:01 PST"]
[Termination "kikydu96 won by resignation"]

1. e4 c5 2. c3 d6 3. d4 Nf6 4. Bd3 e5 5. Ne2 Be7 6. O-O O-O 7. h3 Qc7 8. Be3 c4 9. Bc2 b5 10. a4 Bb7 11. Ng3 a6 12. Nd2 exd4 13. cxd4 Nbd7 14.
Nf5 Rfe8 15. Qf3 Bf8 16. Qg3 Kh8 17. f3 c3 18. bxc3 Qxc3 19. Bb3 g6 20. Rac1 Qd3 21. Bc2 Qa3 22. Nb1 Qb4 23. Bd2 Qc4 24. Bd1 Qd3 25.
Bc2 Qc4 26. Na3 Qa2 27. Ra1 Qb2 28. Rfb1 Qxa1 29. Rxa1 gxf5 30. e5 dxe5 31. dxe5 Bc5+ 32. Kh1 Nxe5 33. Bc3 Bd6 34. Qh4 Nd5 35. Bxf5 Kg7 36.
Qxh7+ Kf6 37. Qh6+ Ke7 38. Bxe5 Bxe5 39. Re1 f6 40. Qg7+ Kd6 41. Qd7+ Kc5 42. Qxb7 Bd6 43. Rc1+ Kd4 44. Rd1+ 1-0

[Event "*** Titled Tuesday 3|2 Blitz"]
[Site "Chess.com"]
[Date "2016.03.01"]
[Round "5"]
[White "AndreyOstrovskiy"]
[Black "DagurR"]
[Result "1-0"]
[WhiteElo "2485"]
[BlackElo "2283"]
[TimeControl "180+2"]
[EndTime "12:34:04 PST"]
[Termination "AndreyOstrovskiy won by checkmate"]

1. e4 e6 2. d4 d5 3. Nc3 Nf6 4. e5 Nfd7 5. f4 c5 6. Nf3 Nc6 7. Be3 Be7 8. Qd2 O-O 9. Qf2 b6 10. Bd3 f6 11. exf6 Nxf6 12. h3 c4 13. Be2 Bb4 14.
O-O Bxc3 15. bxc3 Ne4 16. Qe1 Ne7 17. Ne5 Nf5 18. Bf2 Nfd6 19. Bh4 Qc7 20. Bg4 Nf7 21. Qe3 Nxe5 22. fxe5 Bd7 23. Be7 Rxf1+ 24. Rxf1 Re8 25. Bb4 Bc8 26. Bh5 Rd8 27. Rf7 Qxf7 28.
Bxf7+ Kxf7 29. Qf4+ Kg8 30. Qh4 Re8 31. a4 a5 32. Bd6 Bd7 33. Bc7 Bxa4 34. Bxb6 Nxc3 35. Bxa5 Ne4 36. c3 h6 37. Bb4 Kh7 38. Qh5 g6 39.
Qf3 Kg7 40. h4 g5 41. Kh2 Bb5 42. Ba3 Ra8 43. Be7 Re8 44. Bf6+ Kg6 45. hxg5 hxg5 46. Qh3 Ba4 47. Kg1 Bd1 48. g4 Rb8 49. Qh5# 1-0

[Event "*** Titled Tuesday 3|2 Blitz"]
[Site "Chess.com"]
[Date "2016.03.01"]
[Round "5"]
[White "Rickstereo"]
[Black "maciek_92"]
[Result "0-1"]
[WhiteElo "2192"]
[BlackElo "2422"]
[TimeControl "180+2"]
[EndTime "12:34:07 PST"]
[Termination "maciek_92 won by checkmate"]

1. c4 e5 2. Nc3 Nc6 3. Nf3 Nf6 4.
d4 exd4 5. Nxd4 Bb4 6. Bg5 h6 7. Bh4 g5 8. Bg3 Ne4 9. Rc1 Qf6 10. e3 h5 11. Bd3 Nxc3 12. bxc3 Ba3 13. Rb1 Nxd4 14. cxd4 Bd6 15. c5 Bxg3 16. hxg3 h4 17.
gxh4 gxh4 18. Qc2 c6 19. Bc4 d5 20. cxd6 Qxd6 21. Qe4+ Qe7 22. Qf4 b6 23. Bb3 Bb7 24.
Rc1 a5 25. Rh3 a4 26. Bc4 Bc8 27. Rf3 Be6 28. Bxe6 Qxe6 29. Qg5 Ra5 30. Qg7 Rf8 31. Rf6 Qxa2 32. Rfxc6 Rf5 33. Rc8+ Kd7 34. R1c7+ Ke6 35.
Rc6+ Kd5 36. Qxf8 Qxf2+ 37. Kd1 Qg1+ 38. Kd2 Rf2+ 39. Kc3 Qe1+ 40. Kd3 Qd2# 0-1